 Dungeon Crawl Stone Soup version 0.26-a0-651-gb41185065b (webtiles) character file.

Game seed: 15812395552369972960

5244 Irenicus the Fencer (level 10, -3/69 HPs)
             Began as a Minotaur Chaos Knight on Oct 29, 2020.
             Was a Plaything of Xom.
             Slain by a 13-headed hydra (9 damage)
             ... on level 9 of the Dungeon.
             The game lasted 00:17:59 (7282 turns).

Irenicus the Fencer (Minotaur Chaos Knight)         Turns: 7282, Time: 00:18:00

Health: -3/69      AC: 19    Str: 16    XL:     10   Next: 36%
Magic:  10/10      EV: 17    Int: 11    God:    Xom [.....*]
Gold:   495        SH:  0    Dex: 20    Spells: 9/9 levels left

rFire    + . .     SeeInvis .   O - +2 long sword (protect)
rCold    . . .     Faith    .   (no shield)
rNeg     . . .     Spirit   .   x - +0 ring mail
rPois    .         Reflect  .   (helmet unavailable)
rElec    .         Harm     .   P - +0 cloak
rCorr    .         Rampage  .   A - +0 pair of gloves
MR       .....     Clarity  +   c - +2 pair of boots
Stlth    +.........             (no amulet)
HPRegen  0.21/turn              B - +6 ring of dexterity
MPRegen  0.12/turn              K - ring of protection from fire {rF+, !d}

@: protection aura
A: retaliatory headbutt, horns 3, talons 1, repulsion field 1, iridescent scales
1, clarity, clever 1, frail 1, high mp 1, sense surroundings 1, sturdy frame 1
a: Renounce Religion


You were on level 9 of the Dungeon.
You worshipped Xom.
You were Xom's teddy bear.
You visited 1 branch of the dungeon, and saw 9 of its levels.
You also visited: Sewer.

You collected 611 gold pieces.
You spent 116 gold pieces at shops.

Inventory:

Hand Weapons
 a - a +0 falchion of chaos
 O - a +2 long sword of protection (weapon)
   (You found it on level 7 of the Dungeon)
Missiles
 d - 8 boomerangs of dispersal {=f}
 z - 2 curare-tipped darts
Armour
 b - a +2 leather armour
 c - a +2 pair of boots (worn)
   (You found it on level 1 of the Dungeon)
 e - a +1 hat
   (You found it on level 1 of the Dungeon)
 x - a +0 ring mail (worn)
   (You found it on level 4 of the Dungeon)
 A - a +0 pair of gloves (worn)
   (You found it on level 4 of the Dungeon)
 P - a +0 cloak (worn)
   (You found it on level 8 of the Dungeon)
 Q - a scarf of invisibility
   (You found it on level 9 of the Dungeon)
Jewellery
 B - a +6 ring of dexterity (left hand)
   (You found it on level 5 of the Dungeon)
 D - an uncursed ring of positive energy {rN+}
   (You found it on level 5 of the Dungeon)
 K - a ring of protection from fire (right hand) {rF+, !d}
   (You found it on level 6 of the Dungeon)
 N - an uncursed ring of protection from magic {MR+, !d}
   (You took it off a wight on level 9 of the Dungeon)
Wands
 r - a wand of disintegration (9)
   (You found it on level 3 of the Dungeon)
 s - a wand of polymorph (5)
   (You took it off Ijyb on level 3 of the Dungeon)
 J - a wand of iceblast (8)
   (You found it on level 5 of the Dungeon)
Scrolls
 h - 4 scrolls of teleportation
 i - a scroll of enchant weapon {unknown}
 k - 9 scrolls of identify
 m - 3 scrolls of amnesia {unknown}
 o - 2 scrolls of enchant armour {unknown}
 t - 2 scrolls of random uselessness {unknown}
 u - 5 scrolls of remove curse
 w - 4 scrolls of blinking {unknown}
 y - 2 scrolls of immolation {unknown}
 C - 3 scrolls of fog {unknown}
Potions
 f - 2 potions of invisibility
 g - 3 potions of haste
 j - a potion of might
 l - 2 potions of cancellation
 n - 2 potions of curing
 p - a potion of lignification {unknown}
 q - a potion of ambrosia {unknown}
 v - 2 potions of degeneration {!q}
 E - a potion of stabbing {unknown}
 F - a potion of experience {unknown}
 G - a potion of brilliance {unknown}
 H - a potion of magic {unknown}
 I - a potion of mutation {!q}
 L - a potion of heal wounds {unknown}
 M - a potion of flight {unknown}


   Skills:
 - Level 3.6 Fighting
 - Level 16.6 Long Blades
 - Level 2.4 Armour
 + Level 5.1 Dodging


You had 9 spell levels left.
You didn't know any spells.
Your spell library contained the following spells:

 Spells                   Type           Power        Failure   Level
 Freeze                   Ice            #...         43%         1
 Corpse Rot               Necr/Air       N/A          58%         2
 Metabolic Englaciation   Hex/Ice        #.........   100%        5
 Simulacrum               Ice/Necr       #.........   100%        6


Dungeon Overview and Level Annotations

Branches:
Dungeon (9/15)             Temple (0/1) D:5           Sewer (visited)
   Lair: D:8-11         Orc: D:9-12

Altars:
Ashenzari
Cheibriados
Gozag
Ru
Sif Muna
Xom
Yredelemnul
Zin
The Shining One

Shops:
D:5 *

Annotations:
D:9 4 exclusions


Innate Abilities, Weirdness & Mutations

You reflexively headbutt those who attack you in melee.
You have a pair of large horns on your head.
You have sharp toenails.
You are surrounded by a mild repulsion field. (EV +2)
You are partially covered in iridescent scales. (AC +2)
You possess an exceptional clarity of mind.
Your mind is acute. (Int +2)
You are frail. (-10% HP)
You have an increased reservoir of magic. (+10% MP)
You passively map a small area around you.
Your movements are slightly less encumbered by armour. (ER -2)


Message History

You headbutt the four-headed hydra.
The four-headed hydra is lightly wounded.
Your hellwing barely misses the four-headed hydra.
Your hellwing hits the four-headed hydra.
You lop one of the four-headed hydra's heads off!
The three-headed hydra grows two more!
You slash the five-headed hydra!
The five-headed hydra is lightly wounded.
The five-headed hydra bites you but does no damage.
The five-headed hydra completely misses you.
The five-headed hydra closely misses you.
The five-headed hydra bites you.
The five-headed hydra closely misses you.
You take 2 damage, and have 48/69 hp.
You hack one of the five-headed hydra's heads off!
The four-headed hydra grows two more!
You slash the six-headed hydra!
The six-headed hydra is lightly wounded.
Your hellwing hits the six-headed hydra. x2
The big kobold hits you but does no damage.
The six-headed hydra barely misses you. The six-headed hydra misses you.
The six-headed hydra barely misses you.
The six-headed hydra closely misses you.
The six-headed hydra bites you!
The six-headed hydra bites you but does no damage.
You take 10 damage, and have 38/69 hp.
You chop one of the six-headed hydra's heads off!
The five-headed hydra grows two more!
You slash the seven-headed hydra!
The seven-headed hydra is moderately wounded.
Your hellwing hits the seven-headed hydra.
Your hellwing hits the seven-headed hydra!
The big kobold barely misses you.
You hack one of the seven-headed hydra's heads off!
The six-headed hydra grows two more!
You slash the eight-headed hydra! You headbutt the eight-headed hydra!
The eight-headed hydra is severely wounded.
The eight-headed hydra barely misses you. x3
The eight-headed hydra bites you but does no damage.
The eight-headed hydra bites you. x2
The eight-headed hydra barely misses you.
The eight-headed hydra closely misses you.
Your hellwing hits the eight-headed hydra. x2
You take 7 damage, and have 31/69 hp.
You slice one of the eight-headed hydra's heads off!
The seven-headed hydra grows two more!
You slash the nine-headed hydra!
The nine-headed hydra is severely wounded.
The big kobold barely misses you.
The nine-headed hydra barely misses you.
The nine-headed hydra bites you but does no damage.
The nine-headed hydra closely misses you.
The nine-headed hydra barely misses you.
The nine-headed hydra bites you but does no damage.
The nine-headed hydra closely misses you.
The nine-headed hydra bites you but does no damage.
The nine-headed hydra closely misses you.
The nine-headed hydra completely misses you.
You chop one of the nine-headed hydra's heads off!
The eight-headed hydra grows two more!
You hit the ten-headed hydra.
The ten-headed hydra is severely wounded.
Your hellwing hits the ten-headed hydra!
Your hellwing hits the ten-headed hydra.
The big kobold completely misses you. You furiously retaliate!
You headbutt the big kobold!
You riposte.
You hit the big kobold. You headbutt the big kobold!
The big kobold is almost dead.
The ten-headed hydra bites your hellwing but does no damage. x2
The ten-headed hydra bites your hellwing!
The ten-headed hydra bites your hellwing but does no damage. x3
The ten-headed hydra bites your hellwing!
The ten-headed hydra bites your hellwing. x2
The ten-headed hydra barely misses your hellwing.
You slice one of the ten-headed hydra's heads off!
The nine-headed hydra grows two more!
You hit the 11-headed hydra. You headbutt the 11-headed hydra.
The 11-headed hydra is severely wounded.
Your hellwing hits the 11-headed hydra. x2
You slice one of the 11-headed hydra's heads off!
The ten-headed hydra grows two more!
You slash the 12-headed hydra!
The 12-headed hydra is almost dead.
The big kobold hits you but does no damage.
The 12-headed hydra bites you but does no damage. x2
The 12-headed hydra barely misses you. The 12-headed hydra bites you!
* * * LOW HITPOINT WARNING * * *
The 12-headed hydra bites you.
* * * LOW HITPOINT WARNING * * *
The 12-headed hydra bites you but does no damage. x2
The 12-headed hydra closely misses you. The 12-headed hydra bites you!
* * * LOW HITPOINT WARNING * * *
The 12-headed hydra barely misses you.
The 12-headed hydra bites you but does no damage. x2
You take 26 damage, and have 6/69 hp.
MASSIVE DAMAGE!!
You hack one of the 12-headed hydra's heads off!
The 11-headed hydra grows two more!
You slash the 13-headed hydra!
The 13-headed hydra is almost dead.
Your hellwing barely misses the 13-headed hydra.
Your hellwing hits the 13-headed hydra. The big kobold barely misses you.
You furiously retaliate!
You headbutt the big kobold!
You kill the big kobold!
Your Dodging skill increases to level 5!
The 13-headed hydra bites you but does no damage. x3
The 13-headed hydra bites you!
You die...

#.# ,#.....',)# #.# ,
.....#,.# #.# *
##'''###'########.#### *
,#.....P≈.#.........).#
≈ ***
#.....≈≈P##.########## ≈
, #.....P≈≈#..# ≈
≈≈;≈≈#. #...D).≈P##.#
≈≈≈≈≈≈. #.≈.4@≈≈≈##†#
≈≈≈≈l≈..####.######.#
#≈≈≈≈≈≈≈≈.......)....#.#
. ≈≈≈≈≈≈.......#.....#.#
.##≈≈≈≈#..........).##.#
....≈≈.............>##.#
.....# #.#.#.#.P.P(.##.#
* * #.##.#
#.#...#.._..[##.#
#.##.#.#.#####.P.P.(##.#
** ,


You could see a 13-headed hydra and a friendly hellwing (summoned).

Vanquished Creatures
  2 dream sheep (D:9)
  A steam dragon (D:5)
  Menkaure (D:4)
  A soldier ant (D:6)
  An acid dragon (D:8)
  4 phantoms
  A necrophage (D:9)
  2 orc warriors
  A black bear (D:6)
  An ice beast (D:5)
  2 ogres
  2 centaurs
  4 big kobolds
  5 bullfrogs
  A gnoll sergeant (D:7)
  A wyvern zombie (D:8)
  9 scorpions
  12 killer bees
  An electric eel (D:9)
  5 wights (D:9)
  4 howler monkeys
  2 jellies (D:7)
  2 bullfrog zombies (D:8)
  3 hounds
  4 orc wizards
  3 orc priests
  Ijyb (D:3)
  4 iguanas
  6 worker ants
  A hound zombie (D:8)
  3 gnolls (D:7)
  2 river rats (Sewer)
  11 adders
  A shadow imp (D:6)
  4 white imps
  8 oozes
  An ufetubus (D:6)
  An adder skeleton (D:4)
  An adder zombie (D:8)
  3 worms
  6 leopard geckos
  11 orcs
  4 bats
  6 giant cockroaches
  10 goblins
  8 hobgoblins
  4 jackals (D:2)
  17 kobolds
  5 quokkas
  3 ball pythons
  10 frilled lizards
  A leopard gecko skeleton (D:7)
  A quokka zombie (D:7)
  12 rats
220 creatures vanquished.

Vanquished Creatures (collateral kills)
  2 big kobolds (D:9)
  A howler monkey skeleton (D:8)
3 creatures vanquished.

Vanquished Creatures (others)
  A crimson imp (D:5)
  3 plants (D:9)
4 creatures vanquished.

Grand Total: 227 creatures vanquished

Notes
Turn   | Place    | Note
-------+----------+-------------------------------------------
     0 | D:1      | Irenicus the Minotaur Chaos Knight began the quest for the
                  | Orb.
     0 | D:1      | Reached XP level 1. HP: 19/19 MP: 0/0
    62 | D:1      | Reached skill level 4 in Long Blades
   133 | D:1      | Reached XP level 2. HP: 24/26 MP: 1/1
   248 | D:1      | XOM: divination: detect creatures
   250 | D:1      | Reached skill level 5 in Long Blades
   321 | D:1      | Reached XP level 3. HP: 23/31 MP: 2/2
   558 | D:1      | XOM: silly message
   751 | D:2      | Found an opulent altar of Gozag.
   967 | D:2      | XOM: silly message
   996 | D:2      | Found a glowing silver altar of Zin.
  1025 | D:2      | XOM: silly message
  1055 | D:2      | Found a shimmering altar of Xom.
  1058 | D:2      | Found a glowing golden altar of the Shining One.
  1061 | D:2      | Found a sacrificial altar of Ru.
  1241 | D:3      | Noticed a centaur
  1245 | D:3      | XOM: silly message
  1247 | D:3      | Killed a centaur
  1247 | D:3      | Reached skill level 7 in Long Blades
  1247 | D:3      | Reached XP level 4. HP: 19/39 MP: 3/3
  1247 | D:3      | Reached XP level 5. HP: 22/45 MP: 4/4
  1409 | D:3      | Noticed Ijyb
  1448 | D:3      | Killed Ijyb
  1768 | D:3      | XOM: silly message
  1846 | D:3      | XOM: divination: magic mapping
  2030 | D:4      | Reached skill level 8 in Long Blades
  2133 | D:4      | Reached XP level 6. HP: 51/51 MP: 5/5
  2149 | D:4      | XOM: 6-stop teleportation journey
  2167 | D:4      | Noticed Menkaure
  2169 | D:4      | XOM: smoke on damage
  2171 | D:4      | Killed Menkaure
  2171 | D:4      | Reached skill level 9 in Long Blades
  2173 | D:4      | XOM: summons friendly crimson imp
  2565 | D:5      | Entered Level 5 of the Dungeon
  2571 | D:5      | Noticed an ice beast
  2574 | D:5      | XOM: 3-stop teleportation journey
  2602 | D:5      | Reached XP level 7. HP: 57/57 MP: 6/6
  2623 | D:5      | Reached skill level 10 in Long Blades
  2633 | D:5      | XOM: divine lightning
  2658 | D:5      | Identified Xom's Tome of the Candlemaker (Xom gifted it to
                  | you on level 5 of the Dungeon)
  2658 | D:5      | XOM: god gift: Xom's Tome of the Candlemaker
  2681 | D:5      | Found Ykitebit's Assorted Antiques.
  2681 | D:5      | Found a staircase to the Ecumenical Temple.
  2693 | D:5      | Bought a fizzy white potion for 28 gold pieces
  2693 | D:5      | Bought a red potion for 28 gold pieces
  2693 | D:5      | Bought a scroll labeled LELUDU CYBA for 32 gold pieces
  2693 | D:5      | Bought a cyan potion for 28 gold pieces
  2757 | D:5      | XOM: cleaving
  2774 | D:5      | Noticed a steam dragon
  2780 | D:5      | HP: 14/57 [steam dragon] (3)]
  2782 | D:5      | Killed a steam dragon
  2799 | D:5      | HP: 11/57 [orc wizard/+0 dagger (5)]
  2802 | D:5      | Reached skill level 11 in Long Blades
  2809 | D:5      | Found a glowing drain.
  2829 | Sewer    | Entered a sewer
  3008 | Sewer    | XOM: cloud trail
  3034 | Sewer    | XOM: give mutations
  3034 | Sewer    | Gained mutation: You are surrounded by a mild repulsion
                  | field. (EV +2) [Xom's grace]
  3034 | Sewer    | Gained mutation: Your movements are slightly less
                  | encumbered by armour. (ER -2) [Xom's grace]
  3057 | Sewer    | XOM: polymorph kobold -> frilled lizard
  3265 | Sewer    | Reached XP level 8. HP: 62/64 MP: 7/7
  3544 | D:5      | XOM: cloud trail
  3619 | D:5      | Reached skill level 12 in Long Blades
  3680 | D:5      | Found a snail-covered altar of Cheibriados.
  4150 | D:6      | XOM: give mutation
  4150 | D:6      | Gained mutation: You are frail. (-10% HP) [Xom's mischief]
  4165 | D:6      | XOM: noise
  4262 | D:6      | XOM: potion effect (invisibility)
  4288 | D:6      | Reached skill level 13 in Long Blades
  4291 | D:6      | XOM: scenery: 1 doors open
  4318 | D:6      | XOM: stat loss: -1 Int (8/9)
  4689 | D:7      | XOM: fog
  4765 | D:7      | XOM: cleaving
  4766 | D:7      | XOM: swap monsters
  4768 | D:7      | Reached XP level 9. HP: 21/63 MP: 8/8
  4770 | D:7      | Reached skill level 14 in Long Blades
  4913 | D:7      | XOM: confusion
  4914 | D:7      | HP: 12/63 [gnoll/+0 spear (8)]
  4915 | D:7      | XOM: noise
  4927 | D:7      | HP: 9/63 [gnoll/+0 spear (3)]
  5728 | D:7      | XOM: stat loss: -1 Dex (18/20)
  5768 | D:8      | XOM: noise
  5769 | D:8      | XOM: polymorph bullfrog -> acid dragon
  5780 | D:8      | HP: 14/63 [killer bee (5)]
  5786 | D:8      | Reached skill level 15 in Long Blades
  5791 | D:8      | HP: 15/63 [bullfrog zombie (1)]
  5792 | D:8      | XOM: enchant monster (good)
  5809 | D:8      | HP: 9/63 [phantom (8)]
  5830 | D:8      | HP: 7/63 [scorpion (6)]
  5835 | D:8      | HP: 4/63 [poisoned by a scorpion]
  6161 | D:8      | XOM: summons 7 friendly demons
  6176 | D:8      | XOM: scenery: summon butterflies
  6203 | D:8      | XOM: scenery: create altars
  6379 | D:8      | Reached skill level 16 in Long Blades
  6419 | D:8      | Found a sacrificial altar of Ru.
  6419 | D:8      | XOM: 1-stop teleportation journey
  6825 | D:8      | XOM: give mutations
  6825 | D:8      | Gained mutation: You have sharp toenails. [Xom's grace]
  6825 | D:8      | Gained mutation: Your mind is acute. (Int +2) [Xom's grace]
  6825 | D:8      | Gained mutation: You have a pair of large horns on your
                  | head. [Xom's grace]
  6825 | D:8      | Gained mutation: You passively map a small area around you.
                  | [Xom's grace]
  6885 | D:9      | Found a basalt altar of Yredelemnul.
  6931 | D:9      | Reached XP level 10. HP: 66/69 MP: 9/9
  6946 | D:9      | XOM: cleaving
  7047 | D:9      | Found a shimmering blue altar of Sif Muna.
  7051 | D:9      | Found a broken altar of Ashenzari.
  7069 | D:9      | XOM: fake destruction
  7072 | D:9      | Reached skill level 2 in Dodging
  7087 | D:9      | Reached skill level 3 in Dodging
  7256 | D:9      | XOM: summons friendly hellwing
  7258 | D:9      | XOM: give mutations
  7258 | D:9      | Gained mutation: You are partially covered in iridescent
                  | scales. (AC +2) [Xom's grace]
  7258 | D:9      | Gained mutation: You possess an exceptional clarity of
                  | mind. [Xom's grace]
  7258 | D:9      | Gained mutation: You have an increased reservoir of magic.
                  | (+10% MP) [Xom's grace]
  7264 | D:9      | Noticed a three-headed hydra
  7267 | D:9      | Reached skill level 4 in Dodging
  7281 | D:9      | HP: 17/69 [12-headed hydra (1)]
  7281 | D:9      | HP: 6/69 [12-headed hydra (11)]
  7282 | D:9      | Reached skill level 5 in Dodging
  7282 | D:9      | Slain by a 13-headed hydra

Illustrated notes

Levels and vault maps discovered:
D:1:      wander_arrival_chamber, layout_loops_cross, minmay_hexomino_c4
D:2:      layout_rooms, lemuel_round_altar, nicolae_gozag_seed_capital,
          grunt_temple_overflow_diamond
D:3:      layout_basic, minmay_checkerbox, uniq_ijyb
D:4:      layout_basic, uniq_menkaure
D:5:      layout_loops_ring, kennysheep_little_box,
          minmay_temple_entry_overgrown, serial_shops,
          nicolae_shop_window_shopping, portal_sewer_entry_f,
          minmay_fire_ice_demons
D:6:      layout_basic
D:7:      layout_gridville
D:8:      layout_cave_pods, basic_altar
D:9:      layout_basic, yredelemnul_altar_generic, grunt_temple_overflow_open,
          hangedman_ranch [blue_anna_fruit_fields]

Skill      XL: |  1  2  3  4  5  6  7  8  9 10 |
---------------+-------------------------------+-----
Long Blades    | 4 5 7 8 9 11 13 16 | 16.6
Dodging        | 5 |  5.1
Fighting       | |  3.6
Armour         | |  2.4

Action                   |  1- 3 |  4- 6 |  7- 9 | 10-12 || total
-------------------------+-------+-------+-------+-------++-------
Melee: Falchion          |    90 |    58 |   249 |       ||   397
       Headbutt          |    10 |    12 |    83 |    21 ||   126
       Unarmed           |       |    10 |       |       ||    10
       Long sword        |       |       |   127 |    67 ||   194
Evoke: Wand              |       |       |     2 |     1 ||     3
  Use: Potion            |       |       |    10 |     1 ||    11
       Scroll            |       |       |     3 |       ||     3
 Stab: Paralysed         |     2 |       |     4 |       ||     6
       Sleeping          |       |     2 |     2 |       ||     4
       Invisible         |       |       |     5 |       ||     5
       Petrifying        |       |       |     1 |       ||     1
Armor: Leather armour    |    43 |     3 |       |       ||    46
       Ring mail         |       |     8 |   137 |    38 ||   183
Dodge: Dodged            |    47 |    28 |   242 |    63 ||   380
       Rpst.: Falchion   |    13 |     8 |    33 |       ||    54
       Long sword        |       |       |    27 |    11 ||    38

Table legend: (Time is in decaauts)
 A = Elapsed time spent in this place.
 B = Non-inter-level travel time spent in this place.
 C = Inter-level travel time spent in this place.
 D = Time resting spent in this place.
 E = Time spent auto-exploring this place.
 F = Levels seen in this place.
 G = Mean time per level.
                   A        B        C        D        E       F      G
               +--------+--------+--------+--------+--------+-----+--------+
         Total |   7296 |   7112 |    184 |    659 |   4836 |  10 |  729.6 |
       Dungeon |   6459 |   6275 |    184 |    480 |   4377 |   9 |  717.7 |
         Sewer |    837 |    837 |      0 |    179 |    458 |   1 |  837.0 |
               +--------+--------+--------+--------+--------+-----+--------+

Top non-repeatable levels by time:
     D:7: 1098 daAuts
     D:8: 1056 daAuts
     D:3: 859 daAuts
   Sewer: 837 daAuts
     D:5: 720 daAuts
     D:1: 656 daAuts
     D:6: 609 daAuts
     D:4: 590 daAuts
     D:2: 445 daAuts
     D:9: 423 daAuts

Table legend:
 A = Kills in this place as a percentage of kills in entire the game.
 B = Kills by you in this place as a percentage of kills by you in the entire game.
 C = Kills by friends in this place as a percentage of kills by friends in the entire game.
 D = Other kills in this place as a percentage of other kills in the entire game.
 E = Experience gained in this place as a percentage of experience gained in the entire game.
 F = Experience gained in this place divided by the number of levels of this place that you have seen.
                   A       B       C       D       E      F
               +-------+-------+-------+-------+-------+----------------------
         Total | 100.0 | 100.0 | 100.0 |   N/A | 100.0 | 749.2
       Dungeon |  87.4 |  87.3 | 100.0 |   N/A |  95.3 | 793.4
         Sewer |  12.6 |  12.7 |   0.0 |   N/A |   4.7 | 351.0
               +-------+-------+-------+-------+-------+----------------------
